 Dungeon Crawl Stone Soup version 0.29.0-4-gdea44cf6ec (webtiles) character file.

Game seed: 8600781425869031679

755 qw the Grappler (level 7, -6/67 HPs)
             Began as a Troll Cinder Acolyte on Sept 3, 2022.
             Was an Elder of Ignis.
             Mangled by an ice beast (11 damage)
             ... on level 6 of the Dungeon.
             The game lasted 00:02:23 (3973 turns).

qw the Grappler (Troll Cinder Acolyte)              Turns: 3973, Time: 00:02:24

Health: -6/67      AC: 11    Str: 25    XL:     7   Next: 49%
Magic:  7/7        EV:  9    Int: 10    God:    Ignis [****..]
Gold:   293        SH:  0    Dex:  5    Spells: 8/8 levels left

rFire   + . .      SeeInvis .     - Unarmed
rCold   . . .      Faith    .   (no shield)
rNeg    . . .      Spirit   .   a - +0 robe
rPois   .          Reflect  .   (helmet restricted)
rElec   .          Harm     .   (no cloak)
rCorr   .          Rampage  .   (gloves unavailable)
Will    .....                   (boots unavailable)
Stlth   +.........              (no amulet)
HPRegen 1.01/turn               (no ring)
MPRegen 0.10/turn               (no ring)

@: brilliant, fiery-armoured, flying
A: large, unfitting armour, claws 3, regeneration 1, shaggy fur 1, tough skin 1,
screaming 1
a: Renounce Religion, Fiery Armour, Foxfire Swarm, Rising Flame


You were on level 6 of the Dungeon.
You worshipped Ignis.
Ignis was greatly pleased with you.
You visited 1 branch of the dungeon, and saw 6 of its levels.

You collected 293 gold pieces.


Innate Abilities, Weirdness & Mutations

You are too large for most types of armour.
You have claws for hands.
Your natural rate of healing is unusually fast.
You are covered in fur. (AC +1)
You have tough skin. (AC +1)
You occasionally shout uncontrollably at your foes.


   Skills:
 - Level 3.0 Fighting
 + Level 8.6 Unarmed Combat
 - Level 1.0 Spellcasting
 - Level 2.1 Fire Magic


You had 8 spell levels left.
You didn't know any spells.
Your spell library contained the following spells:

 Spells                   Type           Power      Damage    Failure   Level
 Scorch                   Fire           14%        2d6       22%         2

Inventory:

Missiles
 c - 5 boomerangs (quivered)
Armour
 a - a +0 robe (worn)
Jewellery
 l - a ring of ice
Scrolls
 j - a scroll of identify
 o - 4 scrolls of enchant weapon
Potions
 b - 2 potions of cancellation
 e - 3 potions of mutation
 f - a potion of might
 h - 4 potions of curing
 i - a potion of resistance

Dungeon Overview and Level Annotations

Branches:
Dungeon (6/15)
 Temple: D:4-7

Altars:
Ashenzari
Cheibriados
Dithmenos
The Shining One


Message History

You throw a boomerang.
The boomerang hits the ogre but does no damage.
The ogre is lightly wounded.
An ice beast comes into view.
Throw: 5 boomerangs
Press: ? - help, Q - select action Shift-Dir - straight line, f/p - ogre You throw a boomerang.
The boomerang hits the ogre!
The ogre is heavily wounded.
A centaur comes into view.
3964 ||| Stepping ~*~*~tactically~*~*~ (stealth).
You scratch the ogre.
The ogre is heavily wounded.
The ogre hits you with a +0 giant spiked club!!
You claw the ogre!
The ogre is almost dead.
The ogre hits you with a +0 giant spiked club!!
Ouch! That really hurt!
3967 ||| DRINKING potion of heal wounds.
You feel much better.
You closely miss the ogre.
The ogre is almost dead.
The ogre hits you with a +0 giant spiked club!
3969 ||| INVOKING Fiery Armour.
A protective cloak of flame settles atop you.
The ice beast hits you. The ice beast freezes you!
The ice beast is burned by your cloak of flames.
The ice beast is lightly wounded.
3970 ||| Stepping ~*~*~tactically~*~*~ (outnumbered).
3971 ||| Stepping ~*~*~tactically~*~*~ (outnumbered).
The ogre attacks as you move away! The ogre closely misses you.
3972 ||| Stepping ~*~*~tactically~*~*~ (outnumbered).
The ogre attacks as you move away!
The ogre hits you with a +0 giant spiked club!
The ogre is burned by your cloak of flames.
You kill the ogre!
The ice beast attacks as you move away! The ice beast closely misses you.
You claw the ice beast!
The ice beast is heavily wounded.
The ice beast hits you. The ice beast freezes you!
You die...

... .... ###.#
...#### ##.#.##
###.#... .....
....)# .##
#.#.######...#
....##.#..#.......#
............####.)#
#..##<#c.### #Y.#
#...#.#.## #@.#
#....# #..#
##............#
###...######.#
###.# .# .# .. .#
.# # .#


You could see an ice beast.

Vanquished Creatures
  A black bear (D:5)
  3 ogres
  A scorpion (D:4)
  A hound (D:4)
  A jelly (D:4)
  An orc priest (D:4)
  An iguana (D:5)
  13 adders
  A shadow imp (D:5)
  An ufetubus (D:5)
  2 worms
  2 dart slugs
  10 orcs
  4 endoplasms
  7 giant cockroaches
  13 goblins
  8 hobgoblins
  2 quokkas
  10 ball pythons
  6 bats
  4 frilled lizards
  7 kobolds
  7 rats
106 creatures vanquished.

Vanquished Creatures (others)
  A plant (D:5)
1 creature vanquished.

Grand Total: 107 creatures vanquished

Notes
Turn   | Place    | Note
-------+----------+-------------------------------------------
     0 | D:1      | qw the Troll Cinder Acolyte began the quest for the Orb.
     0 | D:1      | Reached XP level 1. HP: 22/22 MP: 1/1
     0 | D:1      | 0 ||| qw: Version: 0.1-a-102-g441f92d
     0 | D:1      | 0 ||| qw: Game counter: 5254
     0 | D:1      | 0 ||| qw: Always use a shield: true
     0 | D:1      | 0 ||| qw: God list: Okawaru
     0 | D:1      | 0 ||| qw: Allow faded altars: false
     0 | D:1      | 0 ||| qw: Do Orc after D:15 true
     0 | D:1      | 0 ||| qw: Do second Lair branch before Depths: true
     0 | D:1      | 0 ||| qw: Lair rune preference: random
     0 | D:1      | 0 ||| qw: Plans: Normal
     0 | D:1      | 0 ||| PLANNING D:1-11
    73 | D:1      | Reached XP level 2. HP: 29/29 MP: 2/2
   226 | D:1      | 226 ||| Stepping ~*~*~tactically~*~*~ (stealth).
   228 | D:1      | 228 ||| Stepping ~*~*~tactically~*~*~ (outnumbered).
   384 | D:1      | Reached skill level 4 in Unarmed Combat
   747 | D:1      | Found a faded altar of an unknown god.
   796 | D:1      | 796 ||| READING scroll labelled IHE JINOALLAP.
   797 | D:1      | 797 ||| READING 2 scrolls labelled NUNLYKO ECUCW.
   798 | D:1      | 798 ||| READING scroll labelled LEMYWKOA UDUTZ.
   803 | D:1      | 803 ||| DRINKING 2 smoky brown potions.
   804 | D:1      | 804 ||| DRINKING 4 amethyst potions.
   804 | D:1      | Gained mutation: You occasionally shout uncontrollably at
                  | your foes. [potion of mutation]
   805 | D:1      | 805 ||| DRINKING 3 pink potions.
   872 | D:2      | Reached XP level 3. HP: 36/36 MP: 3/3
  1210 | D:2      | Reached XP level 4. HP: 30/44 MP: 4/4
  1331 | D:2      | Reached skill level 5 in Unarmed Combat
  1922 | D:2      | 1922 ||| READING scroll labelled TEGAMO LUUNIG.
  1923 | D:2      | 1923 ||| READING scroll labelled TYCO FERUTIOLO.
  1924 | D:2      | 1924 ||| READING 2 scrolls of identify.
  1924 | D:2      | 1924 ||| IDENTIFYING dark potion
  1987 | D:3      | 1987 ||| Stepping ~*~*~tactically~*~*~ (stealth).
  1988 | D:3      | 1988 ||| Stepping ~*~*~tactically~*~*~ (stealth).
  1998 | D:3      | 1998 ||| Stepping ~*~*~tactically~*~*~ (stealth).
  2068 | D:3      | Identified the +1 scale mail "Capex" {MP+9 Str+4 SInv}
  2094 | D:3      | 2094 ||| Stepping ~*~*~tactically~*~*~ (stealth).
  2232 | D:3      | 2232 ||| Stepping ~*~*~tactically~*~*~ (outnumbered).
  2469 | D:3      | 2469 ||| Stepping ~*~*~tactically~*~*~ (stealth).
  2481 | D:3      | Reached XP level 5. HP: 42/50 MP: 5/5
  2678 | D:3      | 2678 ||| READING scroll labelled PEKHLE XUAPN.
  2679 | D:3      | 2679 ||| READING 3 scrolls of identify.
  2679 | D:3      | 2679 ||| IDENTIFYING metallic red potion
  2680 | D:3      | 2680 ||| READING 2 scrolls of identify.
  2680 | D:3      | 2680 ||| IDENTIFYING purple potion
  2681 | D:3      | 2681 ||| DROPPING potion of lignification.
  2702 | D:4      | Reached skill level 6 in Unarmed Combat
  2702 | D:4      | 2702 ||| STAIRDANCE
  2810 | D:4      | 2810 ||| Stepping ~*~*~tactically~*~*~ (stealth).
  2865 | D:4      | Found a shadowy altar of Dithmenos.
  2888 | D:4      | Reached XP level 6. HP: 58/59 MP: 6/6
  2889 | D:4      | 2889 ||| Stepping ~*~*~tactically~*~*~ (stealth).
  2903 | D:4      | 2903 ||| Stepping ~*~*~tactically~*~*~ (stealth).
  2913 | D:4      | 2913 ||| Stepping ~*~*~tactically~*~*~ (outnumbered).
  2914 | D:4      | 2914 ||| Stepping ~*~*~tactically~*~*~ (outnumbered).
  2915 | D:4      | 2915 ||| Stepping ~*~*~tactically~*~*~ (outnumbered).
  2916 | D:4      | 2916 ||| Stepping ~*~*~tactically~*~*~ (outnumbered).
  2918 | D:4      | 2918 ||| INVOKING Fiery Armour.
  2920 | D:4      | 2920 ||| Stepping ~*~*~tactically~*~*~ (outnumbered).
  2921 | D:4      | 2921 ||| Stepping ~*~*~tactically~*~*~ (outnumbered).
  2927 | D:4      | 2927 ||| Stepping ~*~*~tactically~*~*~ (outnumbered).
  2929 | D:4      | 2929 ||| Stepping ~*~*~tactically~*~*~ (outnumbered).
  3018 | D:4      | Found a glowing golden altar of the Shining One.
  3038 | D:4      | Found a broken altar of Ashenzari.
  3088 | D:4      | Reached skill level 7 in Unarmed Combat
  3099 | D:4      | 3099 ||| Stepping ~*~*~tactically~*~*~ (stealth).
  3102 | D:4      | 3102 ||| Stepping ~*~*~tactically~*~*~ (stealth).
  3104 | D:4      | 3104 ||| Stepping ~*~*~tactically~*~*~ (stealth).
  3134 | D:4      | 3134 ||| Stepping ~*~*~tactically~*~*~ (stealth).
  3254 | D:4      | 3254 ||| READING scroll labelled GASMIE MANNOFE.
  3255 | D:4      | 3255 ||| READING 2 scrolls labelled RUNATS FYCZI.
  3256 | D:4      | 3256 ||| DROPPING scroll of noise.
  3274 | D:5      | Entered Level 5 of the Dungeon
  3433 | D:5      | 3433 ||| Stepping ~*~*~tactically~*~*~ (stealth).
  3434 | D:5      | 3434 ||| Stepping ~*~*~tactically~*~*~ (stealth).
  3443 | D:5      | 3443 ||| Stepping ~*~*~tactically~*~*~ (stealth).
  3504 | D:5      | 3504 ||| Stepping ~*~*~tactically~*~*~ (outnumbered).
  3506 | D:5      | 3506 ||| INVOKING Fiery Armour.
  3573 | D:5      | 3573 ||| Stepping ~*~*~tactically~*~*~ (stealth).
  3582 | D:5      | 3582 ||| Stepping ~*~*~tactically~*~*~ (stealth).
  3588 | D:5      | Reached skill level 8 in Unarmed Combat
  3588 | D:5      | Reached XP level 7. HP: 64/66 MP: 7/7
  3615 | D:5      | Found a snail-covered altar of Cheibriados.
  3666 | D:5      | 3666 ||| Stepping ~*~*~tactically~*~*~ (outnumbered).
  3672 | D:5      | 3672 ||| INVOKING Fiery Armour.
  3676 | D:5      | Reached skill level 3 in Fighting
  3932 | D:5      | 3932 ||| READING 4 scrolls labelled QAIKLY WOIM.
  3933 | D:5      | 3933 ||| READING scroll labelled FOFINOORYIR.
  3934 | D:5      | 3934 ||| DRINKING 2 bubbling grey potions.
  3935 | D:5      | 3935 ||| DRINKING 2 metallic orange potions.
  3936 | D:5      | 3936 ||| READING 3 scrolls of identify.
  3936 | D:5      | 3936 ||| IDENTIFYING viscous cyan potion
  3937 | D:5      | 3937 ||| READING 2 scrolls of identify.
  3937 | D:5      | 3937 ||| IDENTIFYING blue potion
  3938 | D:5      | 3938 ||| DROPPING potion of flight.
  3939 | D:5      | 3939 ||| DROPPING potion of brilliance.
  3940 | D:5      | 3940 ||| DROPPING potion of berserk rage.
  3964 | D:6      | 3964 ||| Stepping ~*~*~tactically~*~*~ (stealth).
  3966 | D:6      | HP: 15/67 [ogre/+0 giant spiked club (35)]
  3967 | D:6      | 3967 ||| DRINKING potion of heal wounds.
  3969 | D:6      | 3969 ||| INVOKING Fiery Armour.
  3970 | D:6      | 3970 ||| Stepping ~*~*~tactically~*~*~ (outnumbered).
  3971 | D:6      | 3971 ||| Stepping ~*~*~tactically~*~*~ (outnumbered).
  3972 | D:6      | 3972 ||| Stepping ~*~*~tactically~*~*~ (outnumbered).
  3972 | D:6      | HP: 5/67 [ogre/+0 giant spiked club (14)]
  3973 | D:6      | Mangled by an ice beast

Levels and vault maps discovered:
D:1:      mrwooster_arrival_statue_3, layout_basic,
          dilly_ecumenical_altar_fadedgnrine
D:2:      kennysheep_six_static_rooms, layout_basic
D:3:      layout_basic
D:4:      layout_rooms, grunt_dithmenos_smoke_and_mirrors, tso_oasis_becter,
          cheibrodos_ashenzari_chains, wad_floor_pattern_untrapped
D:5:      layout_basic, mainiacjoe_overflow_six_doors_small,
          serial_bayou_lagoon_a, saegor_snake_ambush
D:6:      minmay_razor_zed, layout_loops_ring,
          nicolae_hepliaklqana_ecumenical_no_more

Skill      XL: |  1  2  3  4  5  6  7 |
---------------+----------------------+-----
Unarmed Combat | 4 5 6 8 |  8.6
Fighting       | 3 |  3.0
Spellcasting   | |  1.0
Fire Magic     | |  2.1

Action                   |  1- 3 |  4- 6 |  7- 9 || total
-------------------------+-------+-------+-------++-------
Melee: Unarmed           |   107 |   184 |    17 ||   308
       Punch             |     4 |     2 |     1 ||     7
Throw: Boomerang         |       |    26 |     3 ||    29
Invok: Fiery Armour      |       |     2 |     2 ||     4
  Use: Scroll            |     3 |     8 |     4 ||    15
       Potion            |     3 |       |     3 ||     6
Armor: Robe              |    24 |    51 |     5 ||    80
Dodge: Dodged            |    40 |    61 |     8 ||   109

Table legend:
 A = Non-vault XP
 B = Vault XP
 C = Vault XP percentage of total XP
 D = Non-vault monster count
 E = Vault monster count
 F = Vault count percentage of total count
                 A         B        C        D         E       F
            +---------+---------+-------+---------+---------+-------
      Total |    1053 |      26 |   2.4 |      97 |       9 |   8.5
            +---------+---------+-------+---------+---------+-------
        D:1 |      34 |       0 |   0.0 |      21 |       0 |   0.0
        D:2 |      90 |      10 |  10.0 |      20 |       6 |  23.1
        D:3 |      78 |       0 |   0.0 |      17 |       0 |   0.0
        D:4 |     262 |       0 |   0.0 |      22 |       0 |   0.0
        D:5 |     471 |      16 |   3.3 |      16 |       3 |  15.8
        D:6 |     118 |       0 |   0.0 |       1 |       0 |   0.0
            +---------+---------+-------+---------+---------+-------
